 Dungeon Crawl Stone Soup version 0.25-a0-294-gea9b1ad378 (webtiles) character file.

Game seed: 11326726723162392947, levelgen mode: classic

166 Borgoz the Cudgeler (level 5, -10/33 HPs)
             Began as a Gargoyle Berserker on Dec 19, 2019.
             Was a Believer of Trog.
             Mangled by an ice beast (14 damage)
             ... on level 3 of the Dungeon.
             The game lasted 00:02:04 (1921 turns).

Borgoz the Cudgeler (Gargoyle Berserker)            Turns: 1921, Time: 00:02:06

Health: -10/33     AC: 10    Str: 21    XL:     5   Next: 47%
Magic:  5/5        EV: 14    Int:  7    God:    Trog [**....]
Gold:   91         SH:  0    Dex: 10    Spells: 4/4 levels left

rFire    . . .     SeeInvis .   a - +0 mace
rCold    . . .     Gourm    .   (no shield)
rNeg     + . .     Faith    .   l - +0 ring mail
rPois    ∞         Spirit   .   (no helmet)
rElec    +         Reflect  .   s - +0 cloak
rCorr    .         Harm     .   (no gloves)
MR       ++...                  (no boots)
Stlth    ..........             (no amulet)
HPRegen  1.11/turn              q - +3 ring of evasion
MPRegen  0.09/turn              (no ring)

@: regenerating
A: negative energy resistance 1, electricity resistance, unbreathing,
petrification resistance, rot immunity, AC +4
a: Berserk, Trog's Hand, Renounce Religion


You were on level 3 of the Dungeon.
You worshipped Trog.
Trog was pleased with you.
You were hungry.

You visited 1 branch of the dungeon, and saw 3 of its levels.

You collected 91 gold pieces.

Inventory:

Hand Weapons
 a - a +0 mace (weapon)
Armour
 l - a +0 ring mail (worn)
 s - a +0 cloak (worn)
Jewellery
 q - a +3 ring of evasion (left hand)
Scrolls
 e - 5 scrolls of remove curse
 f - 2 scrolls of teleportation
 j - a scroll of enchant armour {unknown}
 o - 2 scrolls of blinking {unknown}
 p - a scroll of random uselessness {unknown}
Potions
 d - a potion of magic
 h - a potion of haste {unknown}
 i - a potion of flight {unknown}
 k - 4 potions of curing
 m - a potion of berserk rage
 n - 3 potions of agility {unknown}
 r - a potion of mutation {unknown}
Comestibles
 b - a chunk of flesh
 c - 4 rations


   Skills:
 + Level 4.1 Fighting
 * Level 4.4 Maces & Flails
 + Level 3.2 Armour
 + Level 2.4 Dodging


You had 4 spell levels left.
You didn't know any spells.
Your spell library was empty.

Dungeon Overview and Level Annotations

Branches:
Dungeon (3/15)

Altars:
Elyvilon
Ru


Innate Abilities, Weirdness & Mutations

You are resistant to torment.
Your stone body is resilient. (AC +4)
You are immune to poison.
You resist negative energy. (rN+)
You are resistant to electric shocks. (rElec)
You can survive without breathing.
You are immune to petrification.
You are immune to rotting.


Message History

The ice beast is almost dead.
The ice beast hits you. The ice beast freezes you!
* * * LOW HITPOINT WARNING * * *
You are too injured to fight recklessly!
You are too injured to fight recklessly!
You are too injured to fight recklessly!
You are too injured to fight recklessly!
You closely miss the ice beast.
The ice beast is almost dead.
The ice beast barely misses you.
You hit the ice beast.
The ice beast is almost dead.
The ice beast hits you but does no damage.
Your skin crawls.
You feel resistant to hostile enchantments.
You are feeling hungry.
The ice beast hits you.
* * * LOW HITPOINT WARNING * * *
The ice beast freezes you!
You die...

# #.# # #.# #.#
#.######
#......#######
##............
#.###.###.##
######
##.###.####.#.#
......
...(....@Yb.....
######
##########.#.#.#
.. .# .. # .# #
. ### ..#


You could see an ice beast and a bat.

Vanquished Creatures
  An ogre (D:2)
  2 adders
  2 oozes
  A worm (D:3)
  A dart slug (D:1)
  A leopard gecko (D:2)
  An orc (D:3)
  A giant cockroach (D:1)
  4 goblins
  11 hobgoblins
  7 jackals
  2 bats
  2 frilled lizards
  7 kobolds
  9 rats
52 creatures vanquished.

Notes
Turn   | Place    | Note
-------+----------+-------------------------------------------
     0 | D:1      | Borgoz the Gargoyle Berserker began the quest for the Orb.
     0 | D:1      | Reached XP level 1. HP: 14/14 MP: 1/1
   157 | D:1      | Reached XP level 2. HP: 15/19 MP: 2/2
   672 | D:1      | Reached XP level 3. HP: 23/23 MP: 3/3
   974 | D:1      | Reached ** piety under Trog
  1222 | D:2      | Noticed an ogre
  1227 | D:2      | Killed an ogre
  1227 | D:2      | Reached XP level 4. HP: 29/29 MP: 4/4
  1227 | D:2      | Reached XP level 5. HP: 33/33 MP: 5/5
  1420 | D:2      | Found a sacrificial altar of Ru.
  1722 | D:3      | Found a white marble altar of Elyvilon.
  1896 | D:3      | Noticed an ice beast
  1921 | D:3      | Mangled by an ice beast

Levels and vault maps discovered:
D:1:      minmay_arrival_arboretum_small, layout_loops_ring, serial_bayou_pond_c
D:2:      layout_rooms, lemuel_crystal_altar, kennysheep_generic_room_13
D:3:      layout_loops_ring, elyvilon_altar_5, nicolae_overflow_hidden_temple,
          st_stairs_13, uniq_sigmund

Skill      XL: |  1  2  3 |
---------------+----------+-----
Fighting       | 4 |  4.1
Maces & Flails | 4 |  4.4
Armour         | 3 |  3.2
Dodging        | 2 |  2.4

Action                   |  1- 3 |  4- 6 || total
-------------------------+-------+-------++-------
Melee: Mace              |    85 |    88 ||   173
Invok: Berserk           |     1 |       ||     1
       Trog's Hand       |       |     1 ||     1
  Use: Scroll            |     1 |     4 ||     5
  Eat: Chunk             |     1 |     3 ||     4
Armor: Animal skin       |    16 |       ||    16
       Ring mail         |     6 |    41 ||    47
Dodge: Dodged            |    58 |    61 ||   119

Table legend:
 A = Non-vault XP
 B = Vault XP
 C = Vault XP percentage of total XP
 D = Non-vault monster count
 E = Vault monster count
 F = Vault count percentage of total count
                 A         B        C        D         E       F
            +---------+---------+-------+---------+---------+-------
      Total |     236 |       2 |   0.8 |      51 |       1 |   1.9
            +---------+---------+-------+---------+---------+-------
        D:1 |      53 |       0 |   0.0 |      28 |       0 |   0.0
        D:2 |     153 |       2 |   1.3 |      15 |       1 |   6.2
        D:3 |      30 |       0 |   0.0 |       8 |       0 |   0.0
            +---------+---------+-------+---------+---------+-------
